 Dungeon Crawl Stone Soup version 0.26-a0-639-g72c4674329 (webtiles) character file.

Game seed: 2563185138544626428

123 Lanoc the Cutter (level 5, -2/33 HPs)
             Began as a Kobold Chaos Knight on Sept 28, 2020.
             Was a Plaything of Xom.
             Slain by Grinder (10 damage)
             ... on level 3 of the Dungeon.
             The game lasted 00:01:35 (890 turns).

Lanoc the Cutter (Kobold Chaos Knight)               Turns: 890, Time: 00:01:35

Health: -2/33      AC:  5    Str:  9    XL:     5   Next: 29%
Magic:  5/5        EV: 15    Int: 14    God:    Xom [..*...]
Gold:   53         SH:  0    Dex: 15    Spells: 4/4 levels left

rFire    . . .     SeeInvis .   a - +0 short sword (chaos)
rCold    . . .     Faith    .   (shield restricted)
rNeg     . . .     Spirit   .   b - +2 leather armour
rPois    .         Reflect  .   (no helmet)
rElec    .         Harm     .   (no cloak)
rCorr    .         Rampage  .   (no gloves)
MR       .....                  (no boots)
Stlth    +.........             (no amulet)
HPRegen  0.11/turn              f - ring of attention (curse)
MPRegen  0.09/turn              (no ring)

@: no status effects
A: small, nightstalker 3
a: Renounce Religion


You were on level 3 of the Dungeon.
You worshipped Xom.
You were a toy of Xom.
You visited 1 branch of the dungeon, and saw 3 of its levels.

You collected 53 gold pieces.

Inventory:

Hand Weapons
 a - a +0 short sword of chaos (weapon)
Armour
 b - a +2 leather armour (worn)
Jewellery
 f - a cursed ring of attention (left hand)
Scrolls
 c - 2 scrolls of remove curse {unknown}
 d - a scroll of enchant weapon {unknown}
 e - a scroll of noise {unknown}
 g - a scroll of fear {unknown}
 i - a scroll of magic mapping {unknown}
 j - a scroll of fog {unknown}
 l - a scroll of blinking {unknown}
Potions
 h - a potion of lignification {unknown}
 k - a potion of flight {unknown}


   Skills:
 + Level 4.0 Fighting
 * Level 5.6 Short Blades
 + Level 1.8 Armour
 + Level 3.4 Dodging


You had 4 spell levels left.
You didn't know any spells.
Your spell library was empty.

Dungeon Overview and Level Annotations

Branches:
Dungeon (3/15)

Altars:
Zin

Annotations:
D:3 Grinder


Innate Abilities, Weirdness & Mutations

You are small and have problems with some larger weapons.
You are completely attuned to the shadows.


Message History

You barely miss the orc.
Grinder blinks!
The orc closely misses you.
You closely miss the orc. You hit the orc. You freeze the orc.
You kill the orc!
You hit the goblin. You freeze the goblin.
You kill the goblin!
Things that are here:
a +0 short sword; a +0 hand axe; a cursed -3 mace You barely miss Grinder.
Grinder hits you.
You writhe in agony.
You hit Grinder. You burn Grinder.
Grinder is lightly wounded.
Grinder hits you!
You writhe in agony.
* * * LOW HITPOINT WARNING * * *
You closely miss Grinder.
Grinder is lightly wounded. "This might be better!"
Grinder flickers and vanishes!
Deactivating autopickup; reactivate with Ctrl-A.
Something hits you!
You die...

#.....# ... ..
#######.....####... .
#>....'........)...
#.#####............
#.....#............ #
#.###.#####........ .
#.#...# ######### # .
#.#.################.#
.
#..............@{.....
.
###.#############.)...
# #.# #..... #.#
#o.... #. #.....
#.....


There were no monsters in sight!

Vanquished Creatures
  A bullfrog zombie (D:3)
  An orc priest (D:3)
  Jessica (D:3)
  A leopard gecko (D:3)
  10 orcs (D:3)
  A giant cockroach (D:2)
  4 goblins
  2 hobgoblins
  2 frilled lizards (D:3)
  A kobold (D:3)
  2 rats (D:2)
26 creatures vanquished.

Notes
Turn   | Place    | Note
-------+----------+-------------------------------------------
     0 | D:1      | Lanoc the Kobold Chaos Knight began the quest for the Orb.
     0 | D:1      | Reached XP level 1. HP: 14/14 MP: 1/1
    23 | D:2      | XOM: noise
   194 | D:2      | Reached skill level 1 in Armour
   194 | D:2      | Reached XP level 2. HP: 19/19 MP: 2/2
   196 | D:2      | Found a glowing silver altar of Zin.
   385 | D:3      | XOM: divination: detect creatures
   433 | D:3      | XOM: scenery: 1 doors open
   440 | D:3      | Noticed Jessica
   448 | D:3      | Killed Jessica
   448 | D:3      | Reached XP level 3. HP: 20/24 MP: 3/3
   572 | D:3      | XOM: potion effect (stabbing)
   573 | D:3      | Reached XP level 4. HP: 22/29 MP: 4/4
   583 | D:3      | Reached skill level 5 in Short Blades
   828 | D:3      | XOM: 3-stop teleportation journey
   832 | D:3      | Reached XP level 5. HP: 33/33 MP: 5/5
   870 | D:3      | Noticed Grinder
   890 | D:3      | XOM: enchant monster (bad)
   890 | D:3      | Slain by Grinder

Illustrated notes

Levels and vault maps discovered:
D:1:      tarquinn_simple_flora_water_e, layout_basic,
          minmay_stone_trees_medium, kennysheep_pointless_box,
          minmay_misc_feat_nine_boxes
D:2:      minmay_chambers_of_twos, layout_basic, nicolae_overflow_crystal_walls
D:3:      layout_basic, uniq_jessica, uniq_grinder

Skill      XL: |  1  2  3  4 |
---------------+-------------+-----
Armour         | 1 |  1.8
Dodging        | 3 |  3.4
Short Blades   | 5 |  5.6
Fighting       | 4 |  4.0

Action                   |  1- 3 |  4- 6 || total
-------------------------+-------+-------++-------
Melee: Short sword       |    52 |    33 ||    85
 Stab: Paralysed         |     1 |     1 ||     2
Armor: Leather armour    |     6 |     4 ||    10
Dodge: Dodged            |    27 |    16 ||    43

Table legend: (Time is in decaauts)
 A = Elapsed time spent in this place.
 B = Non-inter-level travel time spent in this place.
 C = Inter-level travel time spent in this place.
 D = Time resting spent in this place.
 E = Time spent auto-exploring this place.
 F = Levels seen in this place.
 G = Mean time per level.
                   A        B        C        D        E       F      G
               +--------+--------+--------+--------+--------+-----+--------+
         Total |    877 |    835 |     42 |      0 |    696 |   3 |  292.3 |
       Dungeon |    877 |    835 |     42 |      0 |    696 |   3 |  292.3 |
               +--------+--------+--------+--------+--------+-----+--------+

Top non-repeatable levels by time:
     D:3: 638 daAuts
     D:2: 216 daAuts
     D:1: 23 daAuts
